 Dungeon Crawl Stone Soup version 0.30-a0-715-gdb4ae3ece1 (webtiles) character file.

Game seed: 577838116126797970

312 hikkokomori the Trooper (level 6, -2/48 HPs)
             Began as a Mummy Fighter on Jan 25, 2023.
             Slain by Blork the orc
             ... wielding a +0 flail
              (4 damage)
             ... on level 5 of the Dungeon.
             The game lasted 00:03:24 (3096 turns).

hikkokomori the Trooper (Mummy Fighter)             Turns: 3096, Time: 00:03:25

Health: -2/48      AC:  7    Str: 21    XL:     6   Next: 18%
Magic:  6/6        EV: 10    Int:  7    God:
Gold:   191        SH:  5    Dex: 12    Spells: 5/5 levels left

rFire   x . .      SeeInvis .    a - +0 war axe
rCold   + + .      Faith    +    c - +1 buckler
rNeg    + + +      Spirit   .    o - +1 ring mail {rC+}
rPois   ∞          Reflect  .    (no helmet)
rElec   .          Harm     .    (no cloak)
rCorr   .          Rampage  .    (no gloves)
Will    .....                    h - +0 pair of boots
Stlth   +                        (no amulet)
HPRegen 0.28/turn                (no ring)
MPRegen 0.10/turn                (no ring)

@: no status effects
A: cold resistance 1, negative energy resistance 3, torment resistance 2, heat
vulnerability 1, in touch with death 1, no potions, faith
a: no special abilities


You were on level 5 of the Dungeon.
You visited 1 branch of the dungeon, and saw 5 of its levels.

You collected 191 gold pieces.

Inventory:

Hand Weapons
 a - a +0 war axe (weapon)
Armour
 b - a +0 scale mail
 c - a +1 buckler (worn)
 h - a +0 pair of boots (worn)
 o - a +1 ring mail of cold resistance (worn)
Jewellery
 n - a ring of willpower
Scrolls
 d - a scroll of teleportation
 e - 2 scrolls of vulnerability
 g - a scroll of poison
 i - a scroll of torment
 l - a scroll of fear
 m - a scroll of fog


   Skills:
 + Level 4.3 Fighting
 + Level 3.0 Axes
 + Level 3.5 Armour
 + Level 3.5 Shields


You had 5 spell levels left.
You didn't know any spells.
Your spell library contained the following spells:

 Spells                   Type           Power      Damage    Failure   Level
 Ozocubu's Armour         Ice            0%         N/A       96%         3
 Metabolic Englaciation   Hex/Ice        0%         N/A       100%        5
 Simulacrum               Ice/Necr       0%         N/A       100%        6


Dungeon Overview and Level Annotations

Branches:
Dungeon (5/15)
 Temple: D:4-7

Altars:

Annotations:
D:5 Blork the orc


Innate Abilities, Weirdness & Mutations

You are immune to poison.
Your flesh is cold resistant. (rC+)
You are immune to negative energy. (rN+++)
You are immune to unholy pain and torment.
You are vulnerable to heat. (rF-)
You are in touch with the powers of death.
You do not drink.
You have a special connection with the divine. (Faith)


Message History

You hit Blork the orc.
Blork the orc is lightly wounded.
Blork the orc hits you with a +0 flail. You block Blork the orc's attack.
You slash Blork the orc!
Blork the orc is heavily wounded.
Blork the orc barely misses you. Blork the orc hits you with a +0 flail.
You barely miss Blork the orc.
Blork the orc is heavily wounded.
Blork the orc points at you and mumbles some strange words.
The puff of flame misses you. You block Blork the orc's attack.
You hit Blork the orc but do no damage.
Blork the orc is heavily wounded.
Blork the orc hits you with a +0 flail! Blork the orc misses you.
Okay, then.
As you read the scroll of torment, it crumbles to dust.
You feel a surge of unholy energy.
Blork the orc convulses!
The orc convulses!
Blork the orc hits you with a +0 flail!
* * * LOW HITPOINT WARNING * * *
You block Blork the orc's attack.
You barely miss Blork the orc.
Blork the orc is severely wounded.
You block Blork the orc's attack.
Blork the orc hits you but does no damage.
You hit Blork the orc.
Blork the orc is almost dead.
Blork the orc barely misses you. Blork the orc hits you with a +0 flail!
* * * LOW HITPOINT WARNING * * *
You completely miss Blork the orc.
Blork the orc is severely wounded.
Blork the orc hits you with a +0 flail.
* * * LOW HITPOINT WARNING * * *
Blork the orc hits you but does no damage.
You barely miss Blork the orc.
Blork the orc is severely wounded.
You block Blork the orc's attack. Blork the orc hits you with a +0 flail.
* * * LOW HITPOINT WARNING * * *
You barely miss Blork the orc.
Blork the orc is severely wounded.
Blork the orc hits you with a +0 flail.
You die...

.# ##.#.######### .##
#.#.#.......# ..##
#.#.#.#####.#
...####.#.#.#...#.#
........#†#.....#.#
.########.###.###.#
## #....<....#
###################.#
................@oo.#
#####################


You could see Blork the orc (fast) and an orc.

Vanquished Creatures
  A black bear (D:4)
  2 hounds (D:4)
  2 iguanas (D:5)
  An orc wizard (D:4)
  2 adders
  A worm (D:4)
  A dart slug (D:2)
  5 orcs (D:4)
  5 bats
  7 endoplasms
  2 giant cockroaches
  5 goblins
  8 hobgoblins
  4 jackals (D:1)
  2 ball pythons
  9 frilled lizards
  9 kobolds
  A rat (D:2)
67 creatures vanquished.

Notes
Turn   | Place    | Note
-------+----------+-------------------------------------------
     0 | D:1      | hikkokomori the Mummy Fighter began the quest for the Orb.
     0 | D:1      | Reached XP level 1. HP: 18/18 MP: 1/1
   140 | D:1      | Reached XP level 2. HP: 24/24 MP: 2/2
   682 | D:2      | Gained mutation: You are in touch with the powers of death.
                  | [Mummy growth]
   682 | D:2      | Reached XP level 3. HP: 26/29 MP: 3/3
  1728 | D:4      | Reached XP level 4. HP: 34/35 MP: 4/4
  2243 | D:4      | Reached XP level 5. HP: 24/42 MP: 5/5
  2568 | D:4      | Noticed a black bear
  2580 | D:4      | Killed a black bear
  2581 | D:4      | Reached skill level 4 in Fighting
  2934 | D:5      | Entered Level 5 of the Dungeon
  2960 | D:5      | Reached XP level 6. HP: 46/48 MP: 6/6
  3081 | D:5      | Noticed Blork the orc
  3094 | D:5      | HP: 2/48 [Blork the orc/+0 flail (5)]
  3096 | D:5      | Slain by Blork the orc

Illustrated notes

Levels and vault maps discovered:
D:1:      doesnt_arrival_eight_statues, layout_basic, minmay_misc_feat_tiny
D:2:      layout_loops_ring, corexii_hall_statues_u
D:3:      layout_loops_cross, item_on_display_a
D:4:      layout_basic, minmay_small_thing
D:5:      cheibrodos_barr_body, layout_basic, mainiacjoe_overflow_alcove_4,
          minmay_temple_entry_offerings, kennysheep_generic_room_7,
          uniq_blork_the_orc, uniq_menkaure

Skill      XL: |  1  2  3  4  5  6 |
---------------+-------------------+-----
Axes           | 2 3 |  3.0
Armour         | 3 |  3.5
Shields        | 3 |  3.5
Fighting       | 4 |  4.3

Action                     |  1- 3 |  4- 6 || total
---------------------------+-------+-------++-------
  Melee: War axe           |   130 |    71 ||   201
    Use: Scroll            |       |     9 ||     9
 Armour: Scale mail        |    69 |    11 ||    80
         Ring mail         |       |    25 ||    25
  Dodge: Dodged            |    62 |    48 ||   110
  Block: Buckler           |    26 |    22 ||    48

Table legend: (Time is in decaauts)
 A = Elapsed time spent in this place.
 B = Non-inter-level travel time spent in this place.
 C = Inter-level travel time spent in this place.
 D = Time resting spent in this place.
 E = Time spent auto-exploring this place.
 F = Levels seen in this place.
 G = Mean time per level.
                   A        B        C        D        E       F      G
               +--------+--------+--------+--------+--------+-----+--------+
         Total |   3180 |   3086 |     94 |      0 |   2543 |   5 |  636.0 |
       Dungeon |   3180 |   3086 |     94 |      0 |   2543 |   5 |  636.0 |
               +--------+--------+--------+--------+--------+-----+--------+

Top non-repeatable levels by time:
     D:4: 1254 daAuts
     D:3: 640 daAuts
     D:1: 617 daAuts
     D:2: 499 daAuts
     D:5: 168 daAuts
